 Dungeon Crawl Stone Soup version 0.25-a0-265-g7af84ae (webtiles) character file.

Game seed: 5602200143371775298, levelgen mode: deterministic

3908 AtlasWard the Slicer (level 10, -8/91 HPs)
             Began as a Ghoul Gladiator on Dec 7, 2019.
             Was a Believer of Kikubaaqudgha.
             Mangled by an orc warrior
             ... wielding a +0 war axe of electrocution
              (16 damage)
             ... on level 8 of the Dungeon.
             The game lasted 00:25:14 (7386 turns).

AtlasWard the Slicer (Ghoul Gladiator)              Turns: 7386, Time: 00:25:15

Health: -8/91      AC: 17    Str: 24    XL:     10   Next: 20%
Magic:  9/9        EV:  9    Int:  6    God:    Kikubaaqudgha [**....]
Gold:   423        SH:  0    Dex: 10    Spells: 8/9 levels left

rFire    . . .     SeeInvis .   a - +1 short sword (flame)
rCold    + + .     Gourm    .   (no shield)
rNeg     + + +     Faith    .   y - +4 chain mail {rC+}
rPois    ∞         Spirit   .   c - +0 helmet
rElec    .         Reflect  .   q - scarf {cloud immunity}
rCorr    .         Harm     .   (no gloves)
MR       .....                  (no boots)
Stlth    ..........             F - amulet of magic regeneration
HPRegen  0.00/turn              I - +3 ring of protection
MPRegen  0.36/turn              (no ring)

@: mighty, rotting
A: rotting body, claws 1, carnivore, cold resistance 1, negative energy
resistance 3, inhibited regeneration, torment resistance, unbreathing
a: Receive Corpses, Renounce Religion


You were on level 8 of the Dungeon.
You worshipped Kikubaaqudgha.
Kikubaaqudgha was pleased with you.
You were not hungry.

You visited 2 branches of the dungeon, and saw 10 of its levels.

You collected 423 gold pieces.

Inventory:

Hand Weapons
 a - a +1 short sword of flaming (weapon)
 b - a +5 dagger
 g - a +0 rapier
 v - a +0 long sword
Missiles
 d - 3 throwing nets
 s - 12 poisoned darts (quivered)
Armour
 c - a +0 helmet (worn)
 p - a +0 cloak
 q - a scarf of cloud immunity (worn)
 y - a +4 chain mail of cold resistance (worn)
Jewellery
 F - an amulet of magic regeneration (around neck)
 I - a +3 ring of protection (left claw)
Wands
 n - a wand of acid (6)
 o - a wand of iceblast (6)
 t - a wand of polymorph (6)
 w - a wand of digging (9)
 x - a wand of random effects (17)
 G - a wand of flame (22)
Scrolls
 h - a scroll of blinking
 i - 5 scrolls of remove curse
 r - 6 scrolls of identify
 u - 3 scrolls of teleportation
 A - 4 scrolls of fog {unknown}
 B - 2 scrolls of immolation {unknown}
 C - a scroll of enchant armour {unknown}
 E - 2 scrolls of magic mapping
 H - a scroll of amnesia {unknown}
Potions
 e - a potion of curing
 j - 2 potions of lignification
 k - 4 potions of flight
 l - 3 potions of resistance
 m - a potion of magic
 z - a potion of agility {unknown}
 D - a potion of might
Comestibles
 f - 19 rations


   Skills:
 - Level 9.4 Fighting
 * Level 9.6 Short Blades
 - Level 1.7 Throwing
 - Level 4.0 Armour
 - Level 2.6 Dodging
 + Level 3.6 Necromancy


You had 8 spell levels left.
You knew the following spells:

 Your Spells              Type           Power        Failure   Level  Hunger
c - Animate Skeleton      Necr           N/A          63%         1    ##.....

Your spell library contained the following spells:

 Spells                   Type           Power        Failure   Level  Hunger
 Pain                     Necr           #...         63%         1    ##.....
 Vampiric Draining        Necr           #.........   94%         3    ####...
 Corpse Rot               Necr/Air       N/A          95%         2    ###....
 Apportation              Tloc           #.....       98%         1    ##.....
 Confusing Touch          Hex            #.....       98%         1    ##.....
 Summon Small Mammal      Summ           #...         98%         1    ##.....


Dungeon Overview and Level Annotations

Branches:
Dungeon (9/15)             Temple (1/1) D:6            Lair (0/6) D:8
    Orc: D:9-12

Altars:
Ashenzari
Cheibriados
Dithmenos
Elyvilon
Fedhas
Gozag
Hepliaklqana
Kikubaaqudgha
Makhleb
Nemelex Xobeh
Okawaru
Qazlal
Ru
Sif Muna
Trog
Uskayaw
Vehumet
Wu Jian
Xom
Yredelemnul
Zin
The Shining One

Shops:
D:5 *   D:7 %[%(

Annotations:
D:8 Psyche


Innate Abilities, Weirdness & Mutations

Your body is rotting away.
You thrive on raw meat.
You are immune to poison.
You have sharp fingernails.
You are carnivorous and can eat meat at any time.
Your flesh is cold resistant. (rC+)
You are immune to negative energy. (rN+++)
You do not regenerate when monsters are visible.
You are immune to unholy pain and torment.
You can survive without breathing.


Message History

You hit the orc warrior but do no damage.
The orc warrior is severely wounded.
The orc warrior hits you but does no damage.
You hit the orc warrior but do no damage.
The orc warrior is severely wounded.
You hit the orc warrior but do no damage.
The orc warrior is severely wounded.
The orc warrior hits you with a +0 war axe of electrocution!
* * * LOW HITPOINT WARNING * * *
You are electrocuted!
* * * LOW HITPOINT WARNING * * *
You hit the orc warrior but do no damage.
The orc warrior is severely wounded.
It was a potion of might.
You feel very mighty all of a sudden.
The orc warrior hits you with a +0 war axe of electrocution.
* * * LOW HITPOINT WARNING * * *
You are electrocuted!
You die...
Kikubaaqudgha rasps: "You have failed me!
Welcome... oblivion!"

#### #########
#...
####....^..####...
#@##.>[...........
#o##.......####...
#o.........# #...
#.#.....#..# #...
#..........# #...
#.#.⌠.⌠.#..# #...
#..........# ####
#.#.....#..#
#...._....########


You could see an orc warrior and an orc.

Vanquished Creatures
  Pikel (D:3)
  Sigmund (D:4)
  Menkaure (D:4)
  Edmund (D:4)
  2 ice beasts
  4 orc warriors
  3 slaves (D:3)
  3 phantoms
  6 ogres
  2 centaurs
  Blork the orc (D:4)
  A bullfrog (D:3)
  4 wights (D:9)
  A howler monkey (D:7)
  A crimson imp (D:6)
  3 hounds
  A jelly (D:6)
  A centaur skeleton (D:7)
  3 orc priests
  A gnoll shaman (D:6)
  7 orc wizards
  Ijyb (D:3)
  Terence (D:2)
  Natasha (thrice) (D:3)
  7 worker ants
  A hound skeleton (D:6)
  2 howler monkey zombies (D:7)
  13 gnolls (D:7)
  2 howler monkey skeletons
  6 adders
  3 shadow imps
  An ooze (D:3)
  4 adder skeletons
  An adder zombie (D:7)
  3 worms
  2 dart slugs
  4 leopard geckos
  32 orcs
  5 giant cockroaches
  12 goblins
  16 hobgoblins
  4 jackals (D:4)
  17 kobolds
  3 quokkas (D:5)
  5 bats
  5 frilled lizards
  A quokka skeleton (D:4)
  5 rats
207 creatures vanquished.

Notes
Turn   | Place    | Note
-------+----------+-------------------------------------------
     0 | D:1      | AtlasWard the Ghoul Gladiator began the quest for the Orb.
     0 | D:1      | Reached XP level 1. HP: 17/17 MP: 0/0
   128 | D:1      | Reached XP level 2. HP: 16/25 MP: 1/1
   442 | D:2      | Reached XP level 3. HP: 24/31 MP: 2/2
   540 | D:2      | Noticed Terence
   559 | D:2      | Killed Terence
   559 | D:2      | Reached XP level 4. HP: 16/40 MP: 3/3
  1106 | D:3      | Noticed Ijyb
  1135 | D:3      | Killed Ijyb
  1201 | D:3      | Reached XP level 5. HP: 41/46 MP: 4/4
  1309 | D:3      | Found a shattered altar of Ashenzari.
  1429 | D:3      | You fall into a shaft and drop 2 floors!
  1429 | D:5      | Entered Level 5 of the Dungeon
  1646 | D:3      | Reached skill level 5 in Fighting
  1646 | D:3      | Reached XP level 6. HP: 56/56 MP: 5/5
  1893 | D:4      | Reached skill level 5 in Short Blades
  1905 | D:4      | Noticed Menkaure
  1941 | D:4      | Killed Menkaure
  1941 | D:4      | Reached XP level 7. HP: 17/62 MP: 6/6
  1952 | D:4      | Noticed Sigmund
  2392 | D:4      | Noticed Blork the orc
  2407 | D:4      | Killed Blork the orc
  2467 | D:4      | Noticed Edmund
  2512 | D:4      | Killed Edmund
  2567 | D:4      | Noticed Natasha
  2723 | D:4      | Noticed Pikel
  2731 | D:3      | Killed Natasha
  2779 | D:3      | Found a shattered altar of Ashenzari.
  2960 | D:3      | Noticed Natasha
  2969 | D:3      | Killed Natasha
  3054 | D:3      | Noticed Natasha
  3070 | D:3      | Killed Natasha
  3188 | D:3      | Killed Pikel
  3188 | D:3      | Reached XP level 8. HP: 64/74 MP: 7/7
  3385 | D:4      | Killed Sigmund
  3472 | D:5      | Found Hasiyvvuf's Mayhem Merchandise.
  3980 | D:6      | Reached XP level 9. HP: 50/83 MP: 8/8
  3984 | D:6      | Found a staircase to the Ecumenical Temple.
  4013 | Temple   | Entered the Ecumenical Temple
  4149 | Temple   | Became a worshipper of Kikubaaqudgha
  4404 | D:6      | Found a sparkling altar of Nemelex Xobeh.
  4885 | D:7      | Reached skill level 1 in Armour
  4931 | D:7      | Reached skill level 1 in Necromancy
  4932 | D:7      | Found Locs's Antique Weapon Shoppe.
  5160 | D:7      | Reached * piety under Kikubaaqudgha
  5160 | D:7      | Identified Kikubaaqudgha's Compendium of Evil
                  | (Kikubaaqudgha gifted it to you on level 7 of the Dungeon)
  5160 | D:7      | Received a gift from Kikubaaqudgha
  5191 | D:6      | Learned a level 1 spell: Animate Skeleton
  5268 | D:7      | Found Haogebre's Armour Emporium.
  5673 | D:7      | Found Ariablyd's Food Shoppe.
  5735 | D:7      | Reached ** piety under Kikubaaqudgha
  5751 | D:7      | Found a sacrificial altar of Ru.
  5815 | D:7      | Found Bufocvig's Food Emporium.
  6219 | D:8      | Found a staircase to the Lair.
  6421 | D:8      | Found a white marble altar of Elyvilon.
  6465 | D:8      | Reached XP level 10. HP: 86/91 MP: 9/9
  6627 | D:8      | Noticed Psyche
  7386 | D:8      | Mangled by an orc warrior

Levels and vault maps discovered:
D:1:      shiori_arrival_elements, layout_rooms
D:2:      minmay_chambers_of_ones, layout_rooms, uniq_terence
D:3:      layout_basic, nicolae_overflow_crystal_walls, serial_forest,
          infiniplex_forest_clump_tiny, infiniplex_forest_diagonal,
          infiniplex_forest_straight_3, infiniplex_forest_end_2,
          infiniplex_forest_lined_ring, infiniplex_forest_lined_room_2,
          infiniplex_forest_lined_corner, uniq_ijyb
D:4:      layout_basic, uniq_sigmund, uniq_blork_the_orc, uniq_menkaure,
          uniq_natasha, uniq_pikel, uniq_edmund
D:5:      layout_rooms, first_ration, minmay_shop_mayhem
D:6:      layout_loops_cross, nemelex_xobeh_ov_fountains_minmay,
          minmay_temple_entry_glass, chequers_jeans, corexii_shack
D:7:      corexii_shantytown, layout_basic, kennysheep_mini, serial_shops, shop,
          shop, nicolae_shop_behind_doors, shop
D:8:      layout_basic, elyvilon_altar_5, lair_entry_dummy, uniq_psyche
D:9:      cheibrodos_iron_armory, layout_irregular_city, david_orc_4
Temple:   hc_temple_tempest_star

Skill      XL: |  1  2  3  4  5  6  7  8  9 10 |
---------------+-------------------------------+-----
Short Blades   | 3 4 5 6 7 9 |  9.6
Fighting       | 3 4 5 7 9 |  9.4
Armour         | 3 4 |  4.0
Necromancy     | 2 3 |  3.6
Throwing       | |  1.7
Dodging        | |  2.6

Action                   |  1- 3 |  4- 6 |  7- 9 | 10-12 || total
-------------------------+-------+-------+-------+-------++-------
Melee: Rapier            |    14 |       |       |       ||    14
       Short sword       |    65 |   213 |   767 |   170 ||  1215
Throw: Dart              |       |     1 |       |       ||     1
  Use: Scroll            |       |     2 |     9 |       ||    11
       Potion            |       |       |       |     1 ||     1
  Eat: Chunk             |     7 |    16 |    58 |     3 ||    84
Armor: Leather armour    |    27 |       |       |       ||    27
       Chain mail        |       |    35 |   289 |    34 ||   358
       Scale mail        |       |    45 |    17 |       ||    62
Dodge: Dodged            |    58 |    67 |   195 |    37 ||   357

Table legend:
 A = Non-vault XP
 B = Vault XP
 C = Vault XP percentage of total XP
 D = Non-vault monster count
 E = Vault monster count
 F = Vault count percentage of total count
                 A         B        C        D         E       F
            +---------+---------+-------+---------+---------+-------
      Total |    3908 |    1675 |  30.0 |     158 |      46 |  22.5
            +---------+---------+-------+---------+---------+-------
        D:1 |      28 |       0 |   0.0 |      16 |       0 |   0.0
        D:2 |      33 |      48 |  59.3 |      11 |       6 |  35.3
        D:3 |     295 |     744 |  71.6 |      27 |       3 |  10.0
        D:4 |      92 |     642 |  87.5 |      11 |       4 |  26.7
        D:5 |     397 |       0 |   0.0 |      20 |       0 |   0.0
        D:6 |     936 |       1 |   0.1 |      17 |       1 |   5.6
        D:7 |     994 |     101 |   9.2 |      37 |      29 |  43.9
        D:8 |     789 |     136 |  14.7 |      14 |       2 |  12.5
        D:9 |     344 |       3 |   0.9 |       5 |       1 |  16.7
            +---------+---------+-------+---------+---------+-------
